 Dungeon Crawl Stone Soup version 0.31.0-9-g3a7656b989 (webtiles) character file.

Game seed: 15797571079105368287

47 qw the Shooter (level 3, 0/20 HPs)
             Began as a Deep Elf Hunter on Feb 3, 2024.
             Succumbed to a gnoll's poison
             ... on level 2 of the Dungeon.
             The game lasted 00:00:12 (918 turns).

qw the Shooter (Deep Elf Hunter)                     Turns: 918, Time: 00:00:12

Health: 0/20       AC:  3    Str: 10    XL:     3   Next: 48%
Magic:  5/5        EV: 12    Int: 13    God:
Gold:   66         SH:  0    Dex: 18    Spells: 2/2 levels left

rFire   . . .        a - +0 shortbow
rCold   . . .        (shield currently unavailable)
rNeg    . . .        c - +0 leather armour
rPois   .            (no helmet)
rElec   .            (no cloak)
rCorr   .            (no gloves)
SInv    .            (no boots)
Will    .....        (no amulet)
Stlth   ++           (no ring)
HPRegen 0.23/turn    (no ring)
MPRegen 0.09/turn

%: no passive effects
@: lethally poisoned (0 -> -18)
A: no striking features
a: no special abilities


You were on level 2 of the Dungeon.
You visited 1 branch of the dungeon, and saw 2 of its levels.

You collected 66 gold pieces.


   Skills:
 - Level 1.5 Fighting
 + Level 7.0 Ranged Weapons
 - Level 2.4 Dodging
 - Level 1.2 Stealth


You had 2 spell levels left.
You didn't know any spells.
Your spell library was empty.

Inventory:

Hand Weapons
 a - a +0 shortbow (weapon)
Armour
 c - a +0 leather armour (worn)
Scrolls
 b - a scroll of identify {unknown}
Potions
 d - a potion of brilliance {unknown}
 h - a potion of berserk rage {unknown}

Dungeon Overview and Level Annotations

Branches:
Dungeon (2/15)

Altars:

Shops:
D:1 ?


Message History

You shoot an arrow. The arrow hits the frilled lizard!
You kill the frilled lizard!
A dart slug comes into view.
You shoot an arrow. The arrow hits the dart slug!
You kill the dart slug!
Your Ranged Weapons skill increases to level 7!
You see here a frilled lizard corpse.
Found a stone staircase leading down.
A frilled lizard comes into view.
Found a scroll labelled TEC ETICHABEIG.
The frilled lizard hisses angrily.
You shoot an arrow. The arrow hits the frilled lizard.
You kill the frilled lizard!
A goblin comes into view. It is wielding a +0 dagger.
You shoot an arrow. The arrow hits the goblin!
You kill the goblin!
b - a scroll labelled TEC ETICHABEIG 3 gnolls come into view.
A gnoll is wielding a +2 halberd of venom.
The gnoll shouts!
You hear a shout!
The gnoll moves out of view.
You shoot an arrow. The arrow hits the gnoll.
The gnoll is moderately wounded.
A gnoll comes into view. It is wielding a +0 halberd.
Enter note: You shoot an arrow.
The arrow closely misses the gnoll.
The arrow hits the gnoll.
The gnoll is heavily wounded.
Enter note:
915 ||| RETREEEEATING.
The gnoll hits you with a +2 halberd of venom!
Ouch! That really hurt!
You are lethally poisoned!
Enter note:
Enter note:
917 ||| RETREEEEATING.
You feel very sick. The gnoll attacks as it pursues you! The gnoll misses you.
Enter note:
918 ||| RETREEEEATING.
You die...

########### #.........# .
#.........# ...
#.........#
.....###.........#
.................#
....[###@).....>.##
.g.....#..........####
.....ggg.............#
.......#..........##.####
...................#.....
.###...###......#....####
#... ##..........# #...
....###.....# #..# ###.#
#.#...#


You could see a gnoll.

Vanquished Creatures
  An adder (D:2)
  2 dart slugs
  3 bats (D:1)
  An endoplasm (D:1)
  2 giant cockroaches (D:2)
  5 goblins
  A hobgoblin (D:1)
  2 kobolds (D:1)
  3 quokkas (D:1)
  3 ball pythons (D:1)
  11 frilled lizards
34 creatures vanquished.

Notes
Turn   | Place    | Note
-------+----------+-------------------------------------------
     0 | D:1      | qw the Deep Elf Hunter began the quest for the Orb.
     0 | D:1      | Reached XP level 1. HP: 12/12 MP: 3/3
     0 | D:1      | 0 ||| qw: Version: 0.3-a-155-g5e7d8dd
     0 | D:1      | 0 ||| qw: Game counter: 2925
     0 | D:1      | 0 ||| qw: Melee chars always use a shield: true
     0 | D:1      | 0 ||| qw: God list: Okawaru
     0 | D:1      | 0 ||| qw: Allow faded altars: false
     0 | D:1      | 0 ||| qw: Do Orc after clearing Dungeon:15 true
     0 | D:1      | 0 ||| qw: Do second Lair branch before Depths: true
     0 | D:1      | 0 ||| qw: Lair rune preference: random
     0 | D:1      | 0 ||| qw: Goals: Normal
     0 | D:1      | 0 ||| PLANNING D:1-11
   263 | D:1      | Found Jelo's Magic Scroll Shop.
   270 | D:1      | 270 ||| SHOPLISTING 2 scrolls of enchant weapon (150 gold,
                  | have 17).
   270 | D:1      | 270 ||| SHOPLISTING scroll of brand weapon (95 gold, have
                  | 17).
   270 | D:1      | 270 ||| SHOPLISTING scroll of identify (20 gold, have 17).
   270 | D:1      | 270 ||| SHOPLISTING scroll of teleportation (30 gold, have
                  | 17).
   284 | D:1      | Reached XP level 2. HP: 16/16 MP: 4/4
   288 | D:1      | Reached skill level 6 in Ranged Weapons
   626 | D:1      | Found a faded altar of an unknown god.
   626 | D:1      | Noticed a tormentor
   691 | D:1      | 691 ||| READING scroll labelled TADEKEILACS.
   692 | D:1      | 692 ||| READING scroll labelled MOSMAK OZACESMYA.
   793 | D:1      | 793 ||| READING scroll labelled IXIXKA UMOEKO.
   794 | D:1      | 794 ||| DROPPING scroll of butterflies.
   807 | D:2      | 807 ||| STAIRDANCE
   817 | D:1      | Reached XP level 3. HP: 20/20 MP: 5/5
   880 | D:2      | Reached skill level 7 in Ranged Weapons
   915 | D:2      | 915 ||| RETREEEEATING.
   917 | D:2      | 917 ||| RETREEEEATING.
   917 | D:2      | HP: 3/20 [poisoned by a gnoll]
   918 | D:2      | 918 ||| RETREEEEATING.
   918 | D:2      | Succumbed to a gnoll's poison

Levels and vault maps discovered:
D:1:      minmay_arrival_doors, layout_loops_ring,
          dreamdust_ecumenical_altar_sealed_demon, serial_shops, shop,
          minmay_lizard_pond
D:2:      layout_loops_ring

Skill      XL: |  1  2  3 |
---------------+----------+-----
Ranged Weapons | 6 7 |  7.0
Fighting       | |  1.5
Dodging        | |  2.4
Stealth        | |  1.2

Action                     || total
---------------------------++-------
   Fire: Shortbow          ||   101
    Use: Scroll            ||     3
 Armour: Leather armour    ||    23
  Dodge: Dodged            ||    32

Table legend:
 A = Non-vault XP
 B = Vault XP
 C = Vault XP percentage of total XP
 D = Non-vault monster count
 E = Vault monster count
 F = Vault count percentage of total count
                 A         B        C        D         E       F
            +---------+---------+-------+---------+---------+-------
      Total |      61 |       7 |  10.3 |      27 |       7 |  20.6
            +---------+---------+-------+---------+---------+-------
        D:1 |      35 |       7 |  16.7 |      19 |       7 |  26.9
        D:2 |      26 |       0 |   0.0 |       8 |       0 |   0.0
            +---------+---------+-------+---------+---------+-------
